 Dungeon Crawl Stone Soup version 0.24-a0-618-ge4662a2d14 (webtiles) character file.

Game seed: 7702614615726112631, levelgen mode: deterministic

217 Gynju the Cudgeler (level 5, -15/32 HPs)
             Began as a Gargoyle Fighter on Sept 16, 2019.
             Demolished by a two-headed ogre
             ... wielding a +0 dire flail
              (16 damage)
             ... on level 4 of the Dungeon.
             The game lasted 00:03:31 (4058 turns).

Gynju the Cudgeler (Gargoyle Fighter)               Turns: 4058, Time: 00:03:32

Health: -15/32     AC: 14    Str: 25    XL:     5   Next: 94%
Magic:  5/5        EV:  5    Int:  9    God:
Gold:   219        SH:  9    Dex:  9    Spells: 4/4 levels left

rFire    . . .     SeeInvis .   a - +0 flail
rCold    . . .     Gourm    .   c - +0 shield
rNeg     + . .     Faith    .   u - +0 chain mail
rPois    ∞         Spirit   .   A - +0 helmet
rElec    +         Reflect  .   (no cloak)
rCorr    .         Harm     .   (no gloves)
MR       .....                  (no boots)
Stlth    ..........             (no amulet)
HPRegen  0.10/turn              (no ring)
MPRegen  0.09/turn              (no ring)

@: mighty
A: negative energy resistance 1, electricity resistance, unbreathing,
petrification resistance, rot immunity, AC +4
a: no special abilities


You were on level 4 of the Dungeon.
You were hungry.

You visited 1 branch of the dungeon, and saw 4 of its levels.

You collected 219 gold pieces.

Inventory:

Hand Weapons
 a - a +0 flail (weapon)
Armour
 c - a +0 shield (worn)
 u - a +0 chain mail (worn)
 A - a +0 helmet (worn)
Wands
 y - a wand of digging (5)
Scrolls
 b - 4 scrolls of blinking {unknown}
 e - a scroll of magic mapping {unknown}
 g - a scroll of immolation {unknown}
 h - 3 scrolls of fog {unknown}
 k - a scroll of random uselessness {unknown}
 m - 2 scrolls of remove curse {unknown}
 o - 2 scrolls of teleportation {unknown}
 p - 3 scrolls of identify {unknown}
 q - a scroll of noise {unknown}
 w - 2 scrolls of enchant weapon {unknown}
Potions
 i - 2 potions of lignification {unknown}
 j - 2 potions of mutation {unknown}
 l - a potion of resistance {unknown}
 n - a potion of degeneration {unknown}
 r - a potion of magic {unknown}
 s - 2 potions of curing {unknown}
 t - a potion of brilliance {unknown}
 v - a potion of agility {unknown}
 x - 4 potions of heal wounds {unknown}
 z - a potion of ambrosia {unknown}
Comestibles
 f - 6 rations


   Skills:
 - Level 3.2 Fighting
 + Level 6.0 Maces & Flails
 - Level 3.2 Armour
 - Level 3.2 Shields


You had 4 spell levels left.
You didn't know any spells.
Your spell library was empty.

Dungeon Overview and Level Annotations

Branches:
Dungeon (4/15)
 Temple: D:4-7

Altars:
Ashenzari
Hepliaklqana
Trog


Innate Abilities, Weirdness & Mutations

You are resistant to torment.
Your stone body is resilient. (AC +4)
You are immune to poison.
You resist negative energy. (rN+)
You are resistant to electric shocks. (rElec)
You can survive without breathing.
You are immune to petrification.
You are immune to rotting.


Message History

All of the chunks of flesh in your inventory have rotted away.
Key pressed, stopping explore.
Things that are here:
a +0 trident; a +0 animal skin You are feeling hungry.
A two-headed ogre comes into view.
It is wielding a +0 dire flail and a +0 giant club.
The two-headed ogre shouts in stereo!
A two-headed ogre is nearby!
A two-headed ogre is nearby!
You feel very mighty all of a sudden.
You completely miss the two-headed ogre.
The two-headed ogre hits you with a +0 dire flail!
The two-headed ogre hits you with a +0 giant club!!
Ouch! That really hurt!
* * * LOW HITPOINT WARNING * * *
You sock the two-headed ogre!
The two-headed ogre is lightly wounded.
The two-headed ogre hits you with a +0 dire flail!
Ouch! That really hurt!
You die...

........## ##.
##.......#######..
##........#......
#................
##................
#...##............
##..##.............
##..##..............
#..@##..............
#..O###..............
#....#
#..............
......
#..............
...>.#
#.............. ....#
#.............. ####
#.........(....
#..............
##.............


You could see a two-headed ogre.

Vanquished Creatures
  An iguana (D:4)
  Robin (D:4)
  3 gnolls
  6 adders
  An ooze (D:3)
  A worm (D:2)
  A dart slug (D:1)
  4 leopard geckos
  An orc (D:3)
  2 giant cockroaches
  14 goblins
  16 hobgoblins
  2 jackals (D:1)
  6 kobolds
  A quokka (D:3)
  2 ball pythons
  7 bats
  5 frilled lizards
  8 rats
82 creatures vanquished.

Notes
Turn   | Place    | Note
-------+----------+-------------------------------------------
     0 | D:1      | Gynju the Gargoyle Fighter began the quest for the Orb.
     0 | D:1      | Reached XP level 1. HP: 14/14 MP: 1/1
    20 | D:1      | You fall into a shaft and drop 1 floor!
    32 | D:2      | Reached XP level 2. HP: 16/19 MP: 2/2
    38 | D:2      | Reached skill level 3 in Maces & Flails
   570 | D:2      | Reached XP level 3. HP: 23/23 MP: 3/3
  1222 | D:2      | Reached skill level 4 in Maces & Flails
  1455 | D:1      | Reached XP level 4. HP: 23/28 MP: 4/4
  1762 | D:1      | Found a shattered altar of Ashenzari.
  2247 | D:3      | Found a hazy altar of Hepliaklqana.
  2405 | D:2      | Reached skill level 5 in Maces & Flails
  2405 | D:2      | Reached XP level 5. HP: 32/32 MP: 5/5
  2968 | D:3      | Found a bloodstained altar of Trog.
  3382 | D:4      | Noticed Robin
  3489 | D:4      | Killed Robin
  3595 | D:4      | Reached skill level 6 in Maces & Flails
  4053 | D:4      | Noticed a two-headed ogre
  4057 | D:4      | HP: 1/32 [two-headed ogre/+0 dire flail (19)]
  4058 | D:4      | Demolished by a two-headed ogre

Levels and vault maps discovered:
D:1:      dpeg_arrival_tiny_h, layout_basic, ashenzari_altar_1
D:2:      layout_basic, first_ration
D:3:      layout_loops_ring, lemuel_doored_altar, bloody_trog
D:4:      layout_layer_cave, minmay_temple_entry_offerings, serial_glass,
          glass_columns_a, glass_columns_a, uniq_robin

Skill      XL: |  1  2  3  4  5 |
---------------+----------------+-----
Maces & Flails | 3 4 5 6 |  6.0
Fighting       | |  3.2
Armour         | |  3.2
Shields        | |  3.2

Action                   |  1- 3 |  4- 6 || total
-------------------------+-------+-------++-------
Melee: Flail             |   118 |   214 ||   332
  Use: Potion            |       |     1 ||     1
  Eat: Chunk             |     2 |     8 ||    10
Armor: Scale mail        |   100 |    27 ||   127
       Chain mail        |       |   115 ||   115
Dodge: Dodged            |    64 |    71 ||   135
Block: Shield            |   110 |   138 ||   248

Table legend:
 A = Non-vault XP
 B = Vault XP
 C = Vault XP percentage of total XP
 D = Non-vault monster count
 E = Vault monster count
 F = Vault count percentage of total count
                 A         B        C        D         E       F
            +---------+---------+-------+---------+---------+-------
      Total |     271 |      39 |  12.6 |      69 |      13 |  15.9
            +---------+---------+-------+---------+---------+-------
        D:1 |      42 |       0 |   0.0 |      26 |       0 |   0.0
        D:2 |     104 |       0 |   0.0 |      23 |       0 |   0.0
        D:3 |      83 |       8 |   8.8 |      17 |       4 |  19.0
        D:4 |      42 |      31 |  42.5 |       3 |       9 |  75.0
            +---------+---------+-------+---------+---------+-------
